 Dungeon Crawl Stone Soup version 0.23-a0-650-ga4d50d4 (webtiles) character file.

119361 Lilu the Tortoise (level 16, -5/155 HPs)
             Began as a Minotaur Fighter on Jan 4, 2019.
             Was the Champion of Okawaru.
             Killed from afar by a merfolk aquamancer (19 damage)
             ... with a torrent of water
             ... on level 2 of the Shoals.
             The game lasted 01:12:24 (23330 turns).

Lilu the Tortoise (Minotaur Fighter)               Turns: 23330, Time: 01:12:25

Health: -5/155     AC: 29    Str: 31    XL:     16   Next: 27%
Magic:  28/28      EV: 17    Int:  7    God:    Okawaru [******]
Gold:   2425       SH: 22    Dex: 17    Spells: 15/15 levels left

rFire    . . .     SeeInvis .   k - +4 war axe (flame)
rCold    + + +     Gourm    .   c - +0 shield
rNeg     + . .     Faith    .   T - +2 plate armour {rC+}
rPois    .         Spirit   .   h - +2 hat
rElec    .         Reflect  +   O - scarf {cloud immunity}
rCorr    .         Harm     .   z - +0 pair of gloves "Xauc" {Dex+4}
MR       ++...                  t - +1 pair of boots
Stlth    ..........             R - +5 amulet of reflection
HPRegen  0.35/turn              W - ring "Dimpeost" {rC++ rN+ Str+6 Stlth-}
MPRegen  0.21/turn              G - ring of Trepidation {MR+ MP+9 Dex+2}

@: heroism, finesse, mesmerised, drained
A: retaliatory headbutt, horns 2
a: Heroism, Finesse, Renounce Religion


You were on level 2 of the Shoals.
You worshipped Okawaru.
Okawaru was exalted by your worship.
You were not hungry.

You visited 4 branches of the dungeon, and saw 24 of its levels.
You also visited: Sewer, Ossuary, Gauntlet and Ice Cave.

You collected 2425 gold pieces.

Inventory:

Hand Weapons
 k - a +4 war axe of flaming (weapon)
 r - a +5 blowgun
 y - the +12 mace of Overwhelming Force {elec, +Inv Dex+3}
   (You found it on level 13 of the Dungeon)

   Occasionally, upon striking a foe, it will discharge some electrical energy
   and cause terrible harm.
   It affects your dexterity (+3).
   It lets you turn invisible.
Missiles
 B - 4 curare-tipped needles
 V - 14 silver javelins (quivered)
Armour
 c - a +0 shield (worn)
 h - a +2 hat (worn)
 t - a +1 pair of boots (worn)
 z - the +0 pair of gloves "Xauc" (worn) {Dex+4}
   (You found it on level 15 of the Dungeon)

   It affects your dexterity (+4).
 O - a scarf of cloud immunity (worn)
 T - a +2 plate armour of cold resistance (worn)
Jewellery
 C - a +5 ring of protection
 G - the ring of Trepidation (right hand) {MR+ MP+9 Dex+2}
   (You found it on level 8 of the Dungeon)

   [ring of magical power]

   It affects your dexterity (+2).
   It affects your resistance to hostile enchantments.
   It affects your magic capacity (+9).
 R - a +5 amulet of reflection (around neck)
 S - an uncursed ring of positive energy
 U - an uncursed ring of see invisible
 W - the ring "Dimpeost" (left hand) {rC++ rN+ Str+6 Stlth-}
   (You found it in a Gauntlet)

   [ring of positive energy]

   It affects your strength (+6).
   It greatly protects you from cold.
   It protects you from negative energy.
   It makes you less stealthy.
Wands
 P - a wand of acid (8)
 Z - a wand of digging (3)
Scrolls
 i - 11 scrolls of teleportation
 j - 15 scrolls of remove curse
 l - 5 scrolls of identify
 s - 2 scrolls of brand weapon
 D - 2 scrolls of magic mapping
 F - 8 scrolls of fog
 J - 3 scrolls of enchant weapon
 K - 3 scrolls of enchant armour
 L - 5 scrolls of fear
 N - 2 scrolls of blinking
Potions
 a - 4 potions of flight
 b - 4 potions of lignification
 d - 5 potions of might
 e - 2 potions of agility
 n - 11 potions of curing
 o - 2 potions of cancellation
 p - 3 potions of magic
 q - 5 potions of berserk rage
 w - 4 potions of resistance
 x - 3 potions of brilliance
 A - 2 potions of invisibility
 H - 7 potions of haste
 Q - 4 potions of mutation
Miscellaneous
 M - a lamp of fire
Comestibles
 f - 50 rations
 m - 18 chunks of flesh


   Skills:
 + Level 17.1(22.0) Fighting
 - Level 16.0(20.8) Axes
 - Level 4.0(8.9) Throwing
 + Level 17.1(22.0) Armour
 + Level 7.5(12.4) Dodging
 - Level 15.0(19.9) Shields
 - Level 6.0(5.9) Invocations


You had 15 spell levels left.
You didn't know any spells.
Your spell library contained the following spells:

 Spells                   Type           Power        Failure   Level  Hunger
 Animate Skeleton         Necr           N/A          85%         1    ##.....
 Apportation              Tloc           #.....       85%         1    ##.....
 Freeze                   Ice            #...         85%         1    ##.....
 Magic Dart               Conj           #...         85%         1    ##.....
 Pain                     Necr           #...         85%         1    ##.....
 Summon Butterflies       Summ           #.......     85%         1    ##.....
 Summon Small Mammal      Summ           #...         85%         1    ##.....
 Blink                    Tloc           N/A          94%         2    ###....
 Call Imp                 Summ           #.......     94%         2    ###....
 Poisonous Vapours        Pois/Air       #.....       94%         2    ###....
 Slow                     Hex            #.......     94%         2    ###....
 Throw Frost              Conj/Ice       #.....       94%         2    ###....
 Call Canine Familiar     Summ           #.......     99%         3    ####...
 Conjure Flame            Conj/Fire      #.......     99%         3    ####...
 Lesser Beckoning         Tloc           #.........   99%         3    ####...
 Mephitic Cloud           Conj/Pois/Air  #.......     99%         3    ####...
 Ozocubu's Armour         Chrm/Ice       #.......     99%         3    ####...
 Regeneration             Chrm/Necr      #.........   99%         3    ####...
 Summon Guardian Golem    Hex/Summ       #.......     99%         3    ####...
 Tukima's Dance           Hex            #.......     99%         3    ####...
 Vampiric Draining        Necr           #.........   99%         3    ####...
 Animate Dead             Necr           N/A          100%        4    #####..
 Summon Ice Beast         Ice/Summ       #.......     100%        4    #####..
 Summon Lightning Spire   Summ/Air       #.......     100%        4    #####..
 Throw Icicle             Conj/Ice       #.......     100%        4    #####..
 Alistair's Intoxication  Tmut/Pois      #.......     100%        5    ######.
 Bolt of Magma            Conj/Fire/Erth #.........   100%        5    ######.
 Irradiate                Conj/Tmut      #.........   100%        5    ######.
 Iskenderun's Battlesphe  Conj/Chrm      #.......     100%        5    ######.
 Venom Bolt               Conj/Pois      #.........   100%        5    ######.
 Freezing Cloud           Conj/Ice/Air   #.........   100%        6    #######
 Hydra Form               Tmut           #.........   100%        6    #######
 Invisibility             Hex            #.......     100%        6    #######
 Iron Shot                Conj/Erth      #.........   100%        6    #######
 Statue Form              Tmut/Erth      #........    100%        6    #######
 Dragon Form              Tmut           #.........   100%        7    #######
 Haunt                    Necr/Summ      #.........   100%        7    #######
 Orb of Destruction       Conj           #.........   100%        7    #######
 Ring of Flames           Chrm/Fire      #.........   100%        7    #######
 Spellforged Servitor     Conj/Summ      #.........   100%        7    #######
 Borgnjor's Revivificati  Necr           #.........   100%        8    #######
 Death's Door             Chrm/Necr      #.........   100%        8    #######
 Infestation              Necr           #.........   100%        8    #######
 Necromutation            Tmut/Necr      #.........   100%        8    #######


Dungeon Overview and Level Annotations

Branches:
Dungeon (15/15)            Temple (1/1) D:5            Lair (6/6) D:8
 Shoals (2/4) Lair:2       Spider (0/4) Lair:3        Slime (0/5) Lair:6
    Orc (0/2) D:11         Vaults (0/5) D:14         Depths (0/5) D:15

Altars:
Ashenzari
Cheibriados
Dithmenos
Elyvilon
Fedhas
Hepliaklqana
Kikubaaqudgha
Nemelex Xobeh
Okawaru
Qazlal
Ru
Sif Muna
Trog
Uskayaw
Vehumet
Wu Jian
Xom
Yredelemnul
Zin
The Shining One
Beogh

Shops:
D:6 ==   D:15 :   Shoals:1 }

Annotations:
D:4 2 runed doors, Ijustatesigmund's ghost, amateur MiFi
D:12 1 runed door, Ereth's ghost, journeyman HuBe


Innate Abilities, Weirdness & Mutations

You reflexively headbutt those who attack you in melee.
You have a pair of horns on your head.


Message History

The harpy claws you but does no damage. You block the harpy's attack.
The merfolk aquamancer gestures at you while chanting.
The torrent of water reflects off an invisible shield around you!
The torrent of water hits the merfolk aquamancer.
The merfolk aquamancer is knocked back by the torrent of water.
The merfolk aquamancer collides with the dream sheep!
The wave splashes down.
The merfolk impaler hits you from afar with a +0 trident of protection!
* * * LOW HITPOINT WARNING * * *
The merfolk siren chants its luring song.
You block the merfolk impaler's attack. The faun hits you but does no damage.
The merfolk siren chants its luring song.
The merfolk impaler barely misses you.
You hear a screech!
You hear a shout!
The harpy barely misses you. You furiously retaliate!
You headbutt the harpy. The harpy claws you!
* * * LOW HITPOINT WARNING * * *
The merfolk aquamancer gestures at you while chanting.
The torrent of water hits you!
You die...

....≈≈≈≈≈(≈≈≈≈≈≈≈≈≈≈≈≈
#...≈≈≈≈≈≈(≈≈≈)†≈≈≈≈≈#
.≈≈≈≈≈≈)))≈≈≈≈c≈≈%≈≈≈≈
.≈≈≈≈≈≈≈≈≈≈≈≈≈≈≈≈≈≈≈#≈
.≈..≈≈≈≈≈≈≈≈≈c≈≈≈≈≈≈≈≈
..≈≈≈≈≈≈≈≈≈≈mY≈≈≈≈≈≈#.
≈≈≈≈≈≈≈≈≈≈≈cmEm≈≈≈≈.≈.
≈≈≈≈≈≈≈≈≈≈(.HmE.m≈≈.≈#
..≈≈≈≈≈≈(≈(@####≈≈≈...
...≈≈≈≈≈≈..####.≈≈≈...
....≈≈≈≈≈.......≈≈≈≈..
≈...≈≈≈≈≈≈≈.....≈≈≈...
≈.....≈≈≈≈≈.....≈≈≈...
≈.....≈≈≈≈≈.≈≈..≈≈.#..
....≈....≈≈.≈≈.....#....
P≈.P.P...≈≈.(...≈.(≈≈≈≈≈
PP............≈≈≈≈≈≈≈(≈..


You could see a merfolk impaler, 2 merfolk aquamancers, 3 fauns, 2 water
elementals, a merfolk siren, a water nymph, a harpy and a dream sheep.

Vanquished Creatures
  A minotaur (Gauntlet)
  Josephine (Lair:4)
  2 merfolk impalers (Shoals:1)
  A fire dragon (Lair:5)
  An ice dragon (D:14)
  10 hydras
  A rakshasa (D:15)
  4 catoblepae
  2 merfolk avatars (Shoals:2)
  A merfolk aquamancer (Shoals:2)
  2 centaur warriors
  An alligator snapping turtle (Shoals:1)
  6 death yaks (Lair:6)
  A satyr (Shoals:2)
  A tengu warrior (D:15)
  4 two-headed ogres
  5 skeletal warriors (D:15)
  A sea snake (Shoals:2)
  A glowing orange brain (D:15)
  3 wizards
  An orb spider (Lair:3)
  21 harpies
  An orc knight (D:14)
  A necromancer (D:14)
  10 ugly things
  An orb spider (shapeshifter) (D:15)
  2 deep elf magi
  6 fauns (Shoals:2)
  5 cyclopes
  3 manticores
  A moth of wrath (Gauntlet)
  2 merfolk sirens
  19 elephants
  A black mamba (Lair:6)
  2 centaur zombies
  2 water nymphs
  2 ice statues (IceCv)
  9 spiny frogs
  A gargoyle (D:8)
  3 kobold demonologists
  20 rime drakes
  7 komodo dragons
  13 ice devils (IceCv)
  3 freezing wraiths
  6 merfolk
  31 blink frogs
  7 trolls
  A polar bear (Lair:4)
  2 hornets (D:14)
  A snapping turtle (Shoals:1)
  Grinder (D:3)
  9 hippogriffs
  5 slime creatures
  A raiju (Gauntlet)
  12 dream sheep
  3 shadows
  5 wraiths
  A vampire (D:13)
  4 wyverns
  The ghost of Lanoc the Sneak, an amateur FeMo of Nemelex Xobeh (D:5)
  3 basilisks
  10 steam dragons
  63 yaks
  2 hungry ghosts
  2 wargs (D:8)
  Menkaure (Ossuary)
  A soldier ant (D:13)
  3 acid dragons
  13 water moccasins
  3 porcupines
  5 sky beasts
  5 black bears
  A hornet zombie (D:15)
  3 ice beasts
  18 orc warriors
  3 eyes of draining
  4 wolves (Gauntlet)
  3 necrophages
  14 ogres
  3 phantoms
  A tengu (shapeshifter) (D:15)
  15 centaurs
  11 crocodiles
  9 big kobolds
  15 bullfrogs
  A hornet simulacrum (D:15)
  5 scorpions
  16 killer bees
  7 wights
  6 howler monkeys
  6 crimson imps
  9 hounds
  5 jellies
  A quasit (D:8)
  A wyvern simulacrum (D:14)
  16 orc priests
  3 centaur skeletons
  19 orc wizards
  2 bullfrog skeletons
  5 iguanas
  11 worker ants
  A killer bee zombie (D:10)
  A hound zombie (D:9)
  4 mummies
  A gnoll (D:4)
  17 adders
  A river rat (D:3)
  5 shadow imps
  8 white imps
  8 ufetubi (IceCv)
  7 oozes (Sewer)
  2 adder skeletons
  3 worms
  2 dart slugs
  19 leopard geckos
  77 orcs
  13 giant cockroaches
  5 gnoll zombies (Ossuary)
  5 hobgoblins
  5 jackals
  4 quokkas
  11 ball pythons
  6 bats
  8 frilled lizards
  7 gnoll skeletons (Ossuary)
  11 goblins
  4 goblin skeletons (Ossuary)
  2 goblin zombies (Ossuary)
  6 hobgoblin skeletons (Ossuary)
  7 hobgoblin zombies (Ossuary)
  A jackal skeleton (D:5)
  19 kobolds
  A kobold skeleton (Ossuary)
  5 kobold zombies
  A leopard gecko skeleton (D:4)
  3 orc skeletons (Ossuary)
  An orc zombie (Ossuary)
  A quokka skeleton (D:4)
  4 rats
  3 rat skeletons (Ossuary)
  7 rat zombies (Ossuary)
  7 fungi
  5 plants
907 creatures vanquished.

Vanquished Creatures (collateral kills)
  A water moccasin (Lair:4)
1 creature vanquished.

Vanquished Creatures (others)
  A blizzard demon (IceCv)
  An unseen horror (D:14)
  A rime drake (Lair:5)
  3 centaurs (D:12)
  2 white imps (IceCv)
  An ufetubus (IceCv)
  2 orcs
  A hobgoblin (D:3)
  A goblin skeleton (Ossuary)
  12 fungi
  9 plants
34 creatures vanquished.

Grand Total: 942 creatures vanquished

Notes
Turn   | Place    | Note
-------+----------+-------------------------------------------
     0 | D:1      | Lilu the Minotaur Fighter began the quest for the Orb.
     0 | D:1      | Reached XP level 1. HP: 19/19 MP: 0/0
   429 | D:1      | Reached XP level 2. HP: 27/27 MP: 1/1
  1124 | D:2      | Reached XP level 3. HP: 33/33 MP: 2/2
  1462 | D:3      | Noticed Grinder
  1695 | D:3      | Reached XP level 4. HP: 40/40 MP: 3/3
  1861 | D:3      | Found a glowing drain.
  1871 | Sewer    | Entered a sewer
  2044 | Sewer    | Reached XP level 5. HP: 47/47 MP: 4/4
  2250 | Sewer    | Reached skill level 5 in Armour
  2253 | Sewer    | Reached skill level 5 in Fighting
  2306 | Sewer    | Reached skill level 5 in Shields
  2306 | Sewer    | Reached XP level 6. HP: 37/56 MP: 3/5
  2445 | D:3      | Paralysed by Grinder for 3 turns
  2481 | D:3      | Paralysed by Grinder for 2 turns
  2484 | D:3      | Killed Grinder
  2885 | D:4      | Reached XP level 7. HP: 60/62 MP: 6/6
  2886 | D:4      | Reached skill level 5 in Axes
  2979 | D:4      | Got a twisted chain mail
  2990 | D:4      | Identified the +1 chain mail of the Morning {*Drain Str+5}
                  | (You found it on level 4 of the Dungeon)
  3064 | D:4      | Found a bloodstained altar of Trog.
  3213 | D:4      | Found a large runed door.
  3213 | D:4      | Found a large runed door.
  3222 | D:4      | Noticed Ijustatesigmund's ghost (amateur MiFi)
  3615 | D:4      | Reached XP level 8. HP: 71/71 MP: 2/7
  3910 | D:5      | Entered Level 5 of the Dungeon
  4028 | D:5      | Found a staircase to the Ecumenical Temple.
  4036 | Temple   | Entered the Ecumenical Temple
  4070 | Temple   | Became a worshipper of Warmaster Okawaru
  4130 | D:5      | Found a sand-covered staircase.
  4241 | Ossuary  | Entered an ossuary
  4517 | Ossuary  | Noticed Menkaure
  4525 | Ossuary  | Killed Menkaure
  4632 | D:5      | Reached * piety under Okawaru
  4799 | D:5      | Found a shattered altar of Ashenzari.
  4845 | D:5      | Noticed Lanoc's ghost (amateur FeMo)
  4848 | D:5      | Found a runed gate.
  4848 | D:5      | Found a runed gate.
  4849 | D:5      | Found a runed gate.
  4880 | D:5      | Killed Lanoc's ghost
  4880 | D:5      | Reached XP level 9. HP: 80/81 MP: 0/8
  5298 | D:6      | Found Goidd's Jewellery Emporium.
  5447 | D:6      | Reached ** piety under Okawaru
  5563 | D:6      | Found an ancient bone altar of Kikubaaqudgha.
  5583 | D:6      | Found Xipahiul's Jewellery Shop.
  5634 | D:6      | Found a deep blue altar of Sif Muna.
  6260 | D:8      | Reached *** piety under Okawaru
  6260 | D:8      | Reached XP level 10. HP: 51/91 MP: 3/9
  6619 | D:8      | Found a staircase to the Lair.
  6626 | D:8      | Reached skill level 10 in Fighting
  6627 | D:8      | Reached skill level 10 in Armour
  6672 | D:8      | Got a fine pewter ring
  6679 | D:8      | Identified the ring of Trepidation {MR+ MP+9 Dex+2} (You
                  | found it on level 8 of the Dungeon)
  6734 | D:8      | Reached skill level 10 in Shields
  6740 | D:8      | Reached **** piety under Okawaru
  7011 | D:8      | Noticed a gargoyle
  7032 | D:8      | Killed a gargoyle
  7032 | D:8      | Reached skill level 10 in Axes
  7035 | D:8      | Reached ***** piety under Okawaru
  7409 | Lair:1   | Entered Level 1 of the Lair of Beasts
  7457 | D:9      | Reached XP level 11. HP: 101/101 MP: 10/10
  7573 | D:9      | Reached skill level 1 in Invocations
  7646 | D:9      | Noticed a two-headed ogre
  7651 | D:9      | Killed a two-headed ogre
  8112 | D:9      | Found a shattered altar of Ashenzari.
  8113 | D:9      | Found a basalt altar of Yredelemnul.
  8114 | D:9      | Found a shadowy altar of Dithmenos.
  8114 | D:9      | Found a sacrificial altar of Ru.
  8114 | D:9      | Found a shimmering altar of Xom.
  8115 | D:9      | Found a glowing golden altar of the Shining One.
  8116 | D:9      | Found a sparkling altar of Nemelex Xobeh.
  8117 | D:9      | Found a snail-covered altar of Cheibriados.
  8118 | D:9      | Found a radiant altar of Vehumet.
  8119 | D:9      | Found a hide-covered altar of Uskayaw.
  8335 | D:10     | Entered Level 10 of the Dungeon
  8339 | D:10     | Received a gift from Okawaru
  9557 | Lair:1   | Reached ****** piety under Okawaru
  9580 | Lair:1   | Received a gift from Okawaru
  9580 | Lair:1   | Reached XP level 12. HP: 104/112 MP: 14/14
 10528 | Lair:2   | Received a gift from Okawaru
 10592 | Lair:2   | Reached skill level 5 in Invocations
 10734 | Lair:2   | Found a staircase to the Shoals.
 11255 | Lair:3   | Found a hole to the Spider Nest.
 11425 | Lair:3   | Noticed an eight-headed hydra
 11433 | Lair:3   | Killed a five-headed hydra
 11960 | Lair:4   | Noticed a seven-headed hydra
 11968 | Lair:4   | Killed a four-headed hydra
 12176 | Lair:4   | Noticed a five-headed hydra
 12184 | Lair:4   | Killed a one-headed hydra
 12189 | Lair:4   | Received a gift from Okawaru
 12417 | Lair:4   | Noticed Josephine
 12433 | Lair:4   | Killed Josephine
 12439 | Lair:4   | Reached XP level 13. HP: 82/122 MP: 16/16
 13622 | Lair:5   | Received a gift from Okawaru
 14478 | Lair:5   | Noticed a fire dragon
 14491 | Lair:5   | Killed a fire dragon
 14712 | Lair:6   | Entered Level 6 of the Lair of Beasts
 15414 | Lair:6   | Reached XP level 14. HP: 92/132 MP: 17/17
 15559 | Lair:6   | Received a gift from Okawaru
 15733 | Lair:6   | Found an iron altar of Okawaru.
 15836 | Lair:6   | Found a staircase to the Slime Pits.
 16676 | Lair:6   | Received a gift from Okawaru
 17079 | D:11     | Found a roughly hewn altar of Beogh.
 17079 | D:11     | Found a staircase to the Orcish Mines.
 17083 | D:11     | Reached skill level 15 in Fighting
 17089 | D:11     | Reached skill level 15 in Armour
 17121 | D:11     | Reached skill level 15 in Shields
 17481 | D:11     | Reached skill level 15 in Axes
 17736 | D:12     | Found a gate leading to a gauntlet.
 17771 | Gauntlet | Entered a Gauntlet
 17771 | Gauntlet | Found a transporter.
 17771 | Gauntlet | Found a transporter.
 17780 | Gauntlet | Found a transporter.
 17783 | Gauntlet | Found a transporter.
 17791 | Gauntlet | Found a transporter.
 17796 | Gauntlet | Found a transporter.
 17799 | Gauntlet | Found a runed door.
 17799 | Gauntlet | Found a runed door.
 17803 | Gauntlet | Found a transporter.
 17819 | Gauntlet | Found a transporter.
 17833 | Gauntlet | Found a transporter.
 17837 | Gauntlet | Found a transporter.
 17881 | Gauntlet | Found a transporter.
 17885 | Gauntlet | Found a transporter.
 18114 | Gauntlet | Got a vibrating lapis lazuli ring
 18266 | Gauntlet | Identified the ring "Dimpeost" {rC++ rN+ Str+6 Stlth-} (You
                  | found it in a Gauntlet)
 18590 | D:12     | Found a runed door.
 18592 | D:12     | Found a shimmering altar of Xom.
 18592 | D:12     | Noticed Ereth's ghost (journeyman HuBe)
 18664 | D:12     | Found a glowing silver altar of Zin.
 18952 | D:13     | Got a steaming mace
 18953 | D:13     | Identified the +12 mace of Overwhelming Force {elec, +Inv
                  | Dex+3} (You found it on level 13 of the Dungeon)
 19187 | D:13     | Reached XP level 15. HP: 141/141 MP: 18/18
 19657 | D:14     | Reached skill level 1 in Dodging
 19699 | D:14     | Received a gift from Okawaru
 19711 | D:14     | Got a scorched ring mail {god gift}
 19722 | D:14     | Identified the +5 ring mail of Disguise {Int+4} (Okawaru
                  | gifted it to you on level 14 of the Dungeon)
 20472 | D:14     | Found a gate to the Vaults.
 20573 | D:15     | Entered Level 15 of the Dungeon
 20573 | D:15     | Found Obicsoyf's Book Shoppe.
 20996 | D:15     | Got a pair of brightly glowing gloves
 21007 | D:15     | Identified the cursed +0 pair of gloves "Xauc" {Dex+4} (You
                  | found it on level 15 of the Dungeon)
 21341 | D:15     | Reached skill level 5 in Dodging
 21393 | D:15     | Received a gift from Okawaru
 21419 | D:15     | Found a staircase to the Depths.
 21678 | Shoals:1 | Entered Level 1 of the Shoals
 21701 | Shoals:1 | Reached skill level 1 in Throwing
 21789 | Shoals:1 | Found a frozen archway.
 21833 | IceCv    | Entered an ice cave
 22291 | IceCv    | Got a faintly glowing demon blade
 22362 | IceCv    | Identified the +6 demon blade of Gozag's Indignation {vamp,
                  | rPois Int+5} (You found it in an ice cave)
 22421 | Shoals:1 | Found Xap Moim's Gadget Emporium.
 22526 | Shoals:1 | Reached XP level 16. HP: 147/154 MP: 19/19
 22786 | Shoals:1 | Received a gift from Okawaru
 22823 | Shoals:1 | Identified the +7 hand axe "Egism" {venom, *Corrode rElec
                  | rC++} (Okawaru gifted it to you on level 1 of the Shoals)
 23317 | Shoals:2 | HP: 6/155 [water nymph/the raging water (24)]
 23330 | Shoals:2 | Killed from afar by a merfolk aquamancer

Vault maps used:
D:1:      minmay_arrival_checkered_box
D:2:      first_ration, st_stairs_11
D:3:      cheibrodos_sewer_entry_sluice, st_stairs_8, uniq_grinder
D:4:      trog_eyes_of_draining, ebering_ghost_disaster_area
D:5:      minmay_temple_entry_water_ring, gammafunk_ghost_split,
          nicolae_ossuary_entry_giza, ashenzari_altar_1
D:6:      kennysheep_mini, kiku_gazebo_pond_becter, serial_shops, shop, shop
D:7:      kennysheep_big_empty_room
D:8:      minmay_the_grid_triangle_9x9_recursive_2, erik_lair_orcish_takeover
D:9:      minitemple
D:11:     david_orc_5, hangedman_ranch
D:12:     basic_altar, gauntlet_entry_generic, ebering_ghost_xom
D:14:     minmay_concentric_multi, david_vaults_1, minivault_24
D:15:     gammafunk_enter_depths_forms, serial_shops, shop, corner_web_ring
Temple:   jpeg_temple_island
Lair:1:   infiniplex_staircase_pool_2, grunt_megastairs_3
Lair:2:   elwin_shoals_entry_stream, minmay_lindwurm_lava,
          infiniplex_staircase_pool
Lair:3:   nicolae_spider_entry_orb_guardian, serial_forest,
          infiniplex_forest_split, infiniplex_forest_zigzag_1,
          infiniplex_forest_lined_1, infiniplex_forest_straight_4,
          infiniplex_forest_pool, infiniplex_forest_straight_5,
          infiniplex_forest_lined_corner, infiniplex_forest_straight_3
Lair:4:   uniq_josephine
Lair:5:   bobbens_dragon_lair_wall
Lair:6:   evilmike_catoblepas_cave, dpeg_slime_entry_corner, basic_altar,
          st_stairs_10
Shoals:1: portal_ice_cave_entry_pillars_three, serial_shops,
          nicolae_shop_statue_plus
Shoals:2: nicolae_shoals_water_shrine
Sewer:    sewer_frog_island_02
Ossuary:  ossuary_due_pyramid
IceCv:    ice_cave_small_demon
Gauntlet: minmay_gauntlet_77_indecision

Skill      XL: |  1  2  3  4  5  6  7  8  9 10 11 12 13 14 15 16 |
---------------+-------------------------------------------------+-----
Armour         | 4 5 6 8 9 10 11 12 14 15 16 17 | 17.1
Fighting       | 4 5 6 8 9 10 11 13 14 15 16 17 | 17.1
Shields        | 4 5 6 7 9 10 11 12 14 15 | 15.0
Axes           | 3 4 6 7 9 10 11 12 14 15 16 | 16.0
Invocations    | 4 6 |  6.0
Dodging        | 6 7 |  7.5
Throwing       | 2 4 |  4.0

Action                   |  1- 3 |  4- 6 |  7- 9 | 10-12 | 13-15 | 16-18 || total
-------------------------+-------+-------+-------+-------+-------+-------++-------
Melee: War axe           |    91 |   155 |   316 |   509 |  1071 |    86 ||  2228
       Headbutt          |    10 |    26 |    61 |   121 |   304 |    20 ||   542
Invok: Heroism           |       |       |     1 |     1 |     5 |     1 ||     8
       Finesse           |       |       |       |       |     2 |     1 ||     3
  Use: Scroll            |       |       |    19 |     6 |    11 |     4 ||    40
       Potion            |       |       |       |       |     1 |     4 ||     5
  Eat: Chunk             |     3 |     4 |    11 |    18 |    27 |     3 ||    66
       Ration            |       |       |       |     1 |     3 |       ||     4
Armor: Scale mail        |    13 |       |       |       |       |       ||    13
       Chain mail        |    37 |    71 |    95 |   203 |   223 |       ||   629
       Plate armour      |       |       |       |       |   125 |    42 ||   167
Dodge: Dodged            |    45 |    97 |    91 |   138 |   236 |    86 ||   693
Block: Shield            |    56 |   129 |   129 |   382 |   899 |   148 ||  1743
       Reflection        |       |       |       |       |    55 |    24 ||    79

Table legend:
 A = Non-vault XP
 B = Vault XP
 C = Vault XP percentage of total XP
 D = Non-vault monster count
 E = Vault monster count
 F = Vault count percentage of total count
                 A         B        C        D         E       F
            +---------+---------+-------+---------+---------+-------
      Total |  115920 |   54597 |  32.0 |     581 |     320 |  35.5
            +---------+---------+-------+---------+---------+-------
        D:1 |      18 |       0 |   0.0 |      11 |       0 |   0.0
        D:2 |      26 |       5 |  16.1 |      11 |       3 |  21.4
        D:3 |     116 |     280 |  70.7 |      24 |       5 |  17.2
        D:4 |     584 |     263 |  31.1 |      33 |       4 |  10.8
        D:5 |     850 |     400 |  32.0 |      20 |       7 |  25.9
        D:6 |     774 |       0 |   0.0 |      14 |       0 |   0.0
        D:7 |    1497 |       0 |   0.0 |      24 |       0 |   0.0
        D:8 |    2814 |    2704 |  49.0 |      46 |      27 |  37.0
        D:9 |    3183 |       0 |   0.0 |      43 |       0 |   0.0
       D:10 |     619 |       0 |   0.0 |       9 |       0 |   0.0
       D:11 |    2482 |    3525 |  58.7 |      28 |      31 |  52.5
       D:12 |    3532 |       0 |   0.0 |      32 |       0 |   0.0
       D:13 |    4621 |       0 |   0.0 |      24 |       0 |   0.0
       D:14 |    4805 |    7879 |  62.1 |      18 |      22 |  55.0
       D:15 |   16299 |    4325 |  21.0 |      40 |       8 |  16.7
     Lair:1 |    6245 |    1428 |  18.6 |      29 |       6 |  17.1
     Lair:2 |    4750 |    1221 |  20.4 |      21 |       4 |  16.0
     Lair:3 |    2116 |     595 |  21.9 |       7 |       1 |  12.5
     Lair:4 |    7983 |    1939 |  19.5 |      25 |       5 |  16.7
     Lair:5 |    9147 |    6233 |  40.5 |      29 |      21 |  42.0
     Lair:6 |   16774 |   12483 |  42.7 |      48 |      26 |  35.1
   Shoals:1 |   17425 |       0 |   0.0 |      29 |       0 |   0.0
   Shoals:2 |    9260 |    1412 |  13.2 |      16 |       2 |  11.1
      Sewer |       0 |     254 | 100.0 |       0 |      53 | 100.0
    Ossuary |       0 |     271 | 100.0 |       0 |      51 | 100.0
      IceCv |       0 |    5361 | 100.0 |       0 |      30 | 100.0
   Gauntlet |       0 |    4019 | 100.0 |       0 |      14 | 100.0
            +---------+---------+-------+---------+---------+-------
